 Dungeon Crawl Stone Soup version 0.17.1-1-g73c8601 (webtiles) character file.

3644 JustSomeDude the Ducker (level 9, -18/69 HPs)
             Began as a Demonspawn Monk on Dec 28, 2015.
             Was a High Priest of Qazlal.
             Demolished by a titanic slime creature (87 damage)
             ... on level 9 of the Dungeon.
             The game lasted 00:27:54 (6460 turns).

JustSomeDude the Ducker (Demonspawn Monk)           Turns: 6460, Time: 00:28:04

Health: -18/69     AC: 21    Str: 12    XL:     9   Next: 88%
Magic:  8/8        EV: 10    Int: 11    God:    Qazlal [*****.]
Gold:   554        SH:  6    Dex: 25    Spells: 0 memorised, 8 levels left

rFire  . . .     SeeInvis .     z - +0 war axe
rCold  . . .     Clarity  .     E - +0 chain mail
rNeg   . . .     SustAt   .     (no shield)
rPois  .         Gourm    .     (helmet restricted)
rElec  .         Spirit   .     R - +0 cloak
rCorr  .         Warding  .     f - +1 pair of gloves
rMut   .         Stasis   .     (no boots)
MR     .....                    (no amulet)
Stlth  ..........               H - +6 ring of dexterity
                                p - +5 ring of protection

@: repel missiles, not resistant to hostile enchantments, extremely unstealthy
A: antennae 2, yellow scales 1, blurry vision 1, low mp 1, powered by death 1,
shaggy fur 1, spiny 2, spit poison 1
a: Spit Poison, Upheaval, Elemental Force, Disaster Area, Renounce Religion


You were on level 9 of the Dungeon.
You worshipped Qazlal.
Qazlal was extremely pleased with you.
You were hungry.

You visited 2 branches of the dungeon, and saw 10 of its levels.

You collected 554 gold pieces.

Inventory:

Hand Weapons
 z - a +0 war axe (weapon)
 B - a +2 greatsling of flaming
 I - a +0 hand axe
 U - a +1 hand axe
Missiles
 r - 5 tomahawks (quivered)
 D - 14 sling bullets
Armour
 f - a +1 pair of gloves (worn)
 u - a +0 ring mail of fire resistance
 E - a +0 chain mail (worn)
 R - a +0 cloak (worn)
Jewellery
 p - a +5 ring of protection (left hand)
 x - a +6 ring of slaying
 F - an uncursed amulet of stasis
 G - an uncursed ring of see invisible
 H - a +6 ring of dexterity (right hand)
 W - an uncursed ring of flight {unknown}
Wands
 q - a wand of enslavement (14)
 L - a wand of slowing (23)
 T - a wand of random effects (25)
 Z - a wand of random effects (20)
Scrolls
 c - 3 scrolls of fear
 d - a scroll of identify
 e - 6 scrolls of teleportation
 i - 4 scrolls of remove curse
 n - 3 scrolls of enchant armour
 v - 2 scrolls of recharging
 A - 2 scrolls of magic mapping
 C - 2 scrolls of fog
 M - 2 scrolls of amnesia {unknown}
 N - a scroll of blinking {unknown}
 P - 3 scrolls of vulnerability {unknown}
 Y - a scroll of silence {unknown}
Potions
 a - a potion of magic {unknown}
 j - 2 potions of mutation
 m - 3 potions of degeneration
 o - 3 potions of might
 s - 2 potions of curing
 w - a potion of ambrosia
 J - a potion of poison {unknown}
 K - 2 potions of haste {unknown}
 Q - a potion of experience {unknown}
 S - 2 potions of lignification {unknown}
Books
 h - a book of Ice

   Spells                             Type                      Level
   a - Ice Form                       Ice/Transmutation            4
   b - Metabolic Englaciation         Hexes/Ice                    5
   c - Ozocubu's Refrigeration        Ice                          6
   d - Bolt of Cold                   Conjuration/Ice              6
   e - Freezing Cloud                 Conjuration/Ice/Air          6
   f - Simulacrum                     Ice/Necromancy               6
 y - a book of Clouds

   Spells                             Type                      Level
   a - Mephitic Cloud                 Conjuration/Poison/Air       3
   b - Conjure Flame                  Conjuration/Fire             3
   c - Poisonous Cloud                Conjuration/Poison/Air       6
   d - Freezing Cloud                 Conjuration/Ice/Air          6
   e - Ring of Flames                 Charms/Fire                  7
 O - a Necronomicon

   Spells                             Type                      Level
   a - Haunt                          Necromancy/Summoning         7
   b - Borgnjor's Revivification      Necromancy                   8
   c - Death's Door                   Charms/Necromancy            8
   d - Necromutation                  Transmutation/Necromancy     8
Miscellaneous
 t - a plain deck of summoning {the Pentagram}
Comestibles
 b - 7 bread rations
 g - 4 fruits
 k - 4 meat rations
 l - 5 beef jerkies
 V - 8 slices of pizza
 X - a royal jelly


   Skills:
 + Level 6.2 Fighting
   Level 0.1 Short Blades
 + Level 5.8 Axes
 + Level 2.2 Slings
 + Level 5.1 Armour
 + Level 7.8 Dodging
 + Level 4.0 Stealth
 + Level 4.5 Unarmed Combat


You had 8 spell levels left.
You didn't know any spells.

Dungeon Overview and Level Annotations

Branches:
Dungeon (9/15)             Temple (1/1) D:5
   Lair: D:8-11         Orc: D:9-12

Altars:
Ashenzari
Cheibriados
Dithmenos
Elyvilon
Fedhas
Gozag
Kikubaaqudgha
Makhleb
Nemelex Xobeh
Okawaru
Qazlal
Ru
Sif Muna
Trog
Vehumet
Xom
Yredelemnul
Zin
The Shining One


Innate Abilities, Weirdness & Mutations

You have a pair of antennae on your head.
You are partially covered in yellow scales (AC +2).
You regenerate a little health from kills.
You are mostly covered in sharp spines.
Scrolls take you a little longer to read.
Your magical capacity is low (-10% MP).
You are covered in fur (AC +1).
You can spit weak poison.


Message History

You slash the slime creature!
The slime creature is lightly wounded.
Two slime creatures merge to form a large slime creature.
You slash the large slime creature!
The large slime creature is lightly wounded.
Two slime creatures merge to form a large slime creature.
Two slime creatures merge to form a very large slime creature.
You hit the very large slime creature but do no damage.
The very large slime creature is lightly wounded.
Two slime creatures merge to form a titanic slime creature.
Press: ? - help, v - describe, . - travel
Here: a titanic slime creature (lightly wounded)
The floor.
You hit the titanic slime creature.
The titanic slime creature is lightly wounded.
The titanic slime creature is engulfed in freezing vapours.
The titanic slime creature is struck by your spines.
The titanic slime creature hits you!!!!
Ouch! That really hurt!
You die...

#.....# ##### ##.....# ### #...#
.#...§§# ###.# #...#
...##..####...# #...####
##..........#.# #......# #.##.
####...#..##.###...##.# ..#.. ##
#..#........##§..##.## .##.# .#
#.##.##.##...#J§.##..# ##....# .#
#.##.##.#..#.@.§####.###......
.###.##..#...#####.......##§.....
.....###.##..# #.####......####
.#...(....#..#####.####.##.(.....
.#........#..##...........)†#...[
.#...........#..##.####.#.§†#.[..
.#.............###.# #..†#.†....
....†..........# #.#......§......
....##.......#.#.....###...##....


You could see a titanic slime creature.

Vanquished Creatures
  A hippogriff (D:8)
  A water moccasin (D:7)
  3 orc warriors
  A phantom (D:6)
  3 ice beasts
  A gnoll sergeant (D:4)
  A sky beast (D:9)
  An ogre (D:7)
  A centaur (D:8)
  A big kobold (D:8)
  A crocodile (D:9)
  4 giant frogs
  4 scorpions
  4 wights (D:8)
  5 killer bees (D:9)
  A giant frog zombie (D:6)
  2 crimson imps
  2 jellies (D:5)
  7 hounds
  A human zombie (D:4)
  2 orc wizards
  7 worker ants
  A centaur skeleton (D:9)
  5 gnoll shamans
  A quasit (D:6)
  34 gnolls
  3 hound skeletons
  A worker ant zombie (D:7)
  7 adders
  4 oozes
  2 adder skeletons
  4 worms
  5 giant geckos
  10 orcs
  8 bats
  5 giant cockroaches
  11 goblins
  5 hobgoblins
  28 jackals
  12 kobolds
  3 quokkas (D:9)
  2 ball pythons
  A giant gecko zombie (D:5)
  4 giant newts
  8 rats
218 creatures vanquished.

Vanquished Creatures (others)
  A human (D:4)
  An adder (D:4)
2 creatures vanquished.

Grand Total: 220 creatures vanquished

Notes
Turn   | Place    | Note
--------------------------------------------------------------
     0 | D:1      | JustSomeDude the Demonspawn Monk began the quest for the Orb.
     0 | D:1      | Reached XP level 1. HP: 18/18 MP: 1/1
   302 | D:1      | Gained mutation: You regenerate a little health from kills. [demonic ancestry]
   302 | D:1      | Reached XP level 2. HP: 24/24 MP: 2/2
   383 | D:1      | Reached skill level 4 in Unarmed Combat
   579 | D:1      | Gained mutation: You are partially covered in sharp spines. [demonic ancestry]
   579 | D:1      | Reached XP level 3. HP: 27/29 MP: 3/3
  1235 | D:2      | Found a white marble altar of Elyvilon.
  1329 | D:2      | Found an opulent altar of Gozag.
  1510 | D:2      | Gained mutation: You have a pair of small antennae on your head. [demonic ancestry]
  1510 | D:2      | Reached XP level 4. HP: 33/35 MP: 4/4
  1561 | D:2      | Found an opulent altar of Gozag.
  1861 | D:3      | Found a blossoming altar of Fedhas.
  1893 | D:3      | Found a stormy altar of Qazlal.
  1979 | D:3      | Became a worshipper of Qazlal Stormbringer
  1979 | D:3      | Reached * piety under Qazlal
  1979 | D:3      | Reached ** piety under Qazlal
  2189 | D:4      | Reached XP level 5. HP: 31/41 MP: 5/5
  2210 | D:4      | Found a runed door.
  2210 | D:4      | Noticed a human
  2220 | D:4      | Reached skill level 1 in Armour
  2221 | D:4      | Found a basalt altar of Yredelemnul.
  2331 | D:4      | Gained mutation: You are partially covered in yellow scales (AC +2). [demonic ancestry]
  2331 | D:4      | Reached XP level 6. HP: 43/48 MP: 6/6
  2379 | D:4      | Gained mutation: Scrolls take you a little longer to read. [potion of mutation]
  2379 | D:4      | Gained mutation: Your magical capacity is low (-10% MP). [potion of mutation]
  2379 | D:4      | Gained mutation: You are covered in fur (AC +1). [potion of mutation]
  2399 | D:4      | Reached *** piety under Qazlal
  2411 | D:4      | Gained mutation: You have a pair of antennae on your head. [demonic ancestry]
  2411 | D:4      | Reached XP level 7. HP: 54/54 MP: 6/6
  2419 | D:4      | Reached skill level 5 in Dodging
  2433 | D:4      | Reached skill level 1 in Axes
  2536 | D:4      | Killed a human
  2582 | D:4      | Found a radiant altar of Vehumet.
  2915 | D:4      | Found a shimmering altar of Xom.
  3309 | D:5      | Entered Level 5 of the Dungeon
  3319 | D:5      | Reached **** piety under Qazlal
  3375 | D:5      | Found a sacrificial altar of Ru.
  3387 | D:5      | Reached skill level 6 in Dodging
  3419 | D:5      | Reached XP level 8. HP: 60/60 MP: 7/7
  3563 | D:5      | Found a staircase to the Ecumenical Temple.
  3580 | Temple   | Entered the Ecumenical Temple
  4272 | D:6      | Found a basalt altar of Yredelemnul.
  4272 | D:6      | Found a shadowy altar of Dithmenos.
  4482 | D:6      | Reached skill level 7 in Dodging
  4511 | D:6      | Found a sparkling altar of Nemelex Xobeh.
  4659 | D:6      | Reached skill level 5 in Fighting
  4671 | D:6      | Found a burning altar of Makhleb.
  5050 | D:7      | Gained mutation: You are mostly covered in sharp spines. [demonic ancestry]
  5050 | D:7      | Reached XP level 9. HP: 68/68 MP: 8/8
  5159 | D:7      | Found an iron altar of Okawaru.
  5654 | D:8      | Reached skill level 1 in Slings
  5787 | D:8      | Reached skill level 5 in Axes
  5842 | D:8      | Found a shimmering altar of Xom.
  6182 | D:9      | Found an ancient bone altar of Kikubaaqudgha.
  6185 | D:9      | Reached ***** piety under Qazlal
  6253 | D:9      | Reached skill level 5 in Armour
  6296 | D:9      | Gained mutation: You can spit weak poison. [mutagenic meat]
  6297 | D:9      | Gained mutation: Your system is resistant to poisons. [mutagenic meat]
  6299 | D:9      | Lost mutation: Your system is resistant to poisons. [mutagenic meat]
  6460 | D:9      | Demolished by a titanic slime creature

Action                   |  1- 3 |  4- 6 |  7- 9 || total
-------------------------+-------+-------+-------++-------
Melee: Unarmed           |   101 |     6 |       ||   107
       Dagger            |       |    77 |       ||    77
       Hand axe          |       |    64 |   103 ||   167
       War axe           |       |       |   231 ||   231
       Greatsling        |       |       |     5 ||     5
 Fire: Greatsling        |       |       |    17 ||    17
  Use: Scroll            |       |    11 |     8 ||    19
       Potion            |       |    10 |       ||    10
 Stab: Sleeping          |     6 |     3 |       ||     9
  Eat: Chunk             |     2 |     3 |    12 ||    17
       Meat ration       |       |       |     1 ||     1
